 Dungeon Crawl Stone Soup version 0.28-a0-998-gb9e9c7b67e (webtiles) character file.

Game seed: 3527403583651477610

375 croobank the Covert (level 6, -4/28 HPs)
             Began as a Felid Delver on Dec 5, 2021.
             Was an Elder of Ru.
             Slain by a black bear (6 damage)
             ... on level 6 of the Dungeon.
             The game lasted 00:30:46 (6284 turns).

croobank the Covert (Felid Delver)                  Turns: 6284, Time: 00:30:46

Health: -4/28      AC:  2    Str: 10    XL:     6   Next: 44%
Magic:  10/10      EV: 18    Int: 11    God:    Ru [****..]
Gold:   205        SH:  0    Dex: 18    Spells: 9/9 levels left
                                        Lives:  0   Deaths: 1

rFire   . . .      SeeInvis +     - Unarmed
rCold   + . .      Faith    .   (shield unavailable)
rNeg    . . .      Spirit   .   (armour unavailable)
rPois   .          Reflect  .   (helmet unavailable)
rElec   .          Harm     .   (cloak unavailable)
rCorr   +          Rampage  .   (gloves unavailable)
Will    .....                   (boots unavailable)
Stlth   ++++......              (no amulet)
HPRegen 0.09/turn               i - ring of protection from cold
MPRegen 0.12/turn               b - ring of resist corrosion

@: quick
A: very small, claws 1, fangs 3, see invisible, speed 1, shaggy fur 2, inability
to use devices, weak-willed 1, stealthy paws, no weapons or thrown items, no
armour, multi-lived
a: Renounce Religion, Draw Out Power, Power Leap


You were on level 6 of the Dungeon.
You worshipped Ru.
Ru was greatly pleased with you.
You visited 1 branch of the dungeon, and saw 6 of its levels.

You collected 249 gold pieces.
You spent 44 gold pieces at shops.

Inventory:

Missiles
 f - 128 stones
Jewellery
 b - a ring of resist corrosion (right paw)
 i - a ring of protection from cold (left paw)
Wands
 e - a wand of digging (3)
Scrolls
 a - 2 scrolls of fog
 c - a scroll of amnesia
 h - a scroll of blinking {unknown}
 j - a scroll of teleportation
Potions
 d - a potion of brilliance
 g - a potion of curing
 k - a potion of flight {unknown}


   Skills:
 - Level 3.1 Fighting
 - Level 3.3 Dodging
 - Level 8.3 Stealth
 - Level 3.2 Unarmed Combat
 + Level 2.0 Spellcasting
 + Level 2.0 Conjurations
 + Level 3.3 Hexes
 + Level 2.2 Summonings


You had 9 spell levels left.
You didn't know any spells.
Your spell library contained the following spells:

 Spells                   Type           Power      Damage    Failure   Level
 Tukima's Dance           Hex            8%         N/A       22%         3
 Passage of Golubria      Tloc           1%         N/A       96%         4
 Yara's Violent Unravell  Hex/Tmut       2%         3d3       99%         5


Dungeon Overview and Level Annotations

Branches:
Dungeon (6/15)             Temple (0/1) D:4

Altars:
Dithmenos
Ru

Shops:
D:1 *   D:6 [

Annotations:
D:3 3 runed translucent doors, Grinder; KennySheep's ghost, amateur HOMo
D:4 3 runed translucent doors, tvsian's ghost, novice HOFi
D:5 Dowan; Duvessa; Ijyb
D:6 Maggie


Innate Abilities, Weirdness & Mutations

You have sharp claws.
You have razor-sharp teeth.
You have supernaturally acute eyesight. (SInv)
You cover ground quickly. (Speed+)
You are covered in thick fur. (AC +2)
You cannot study or use magical devices.
You are slightly weak-willed. (Will-)
Your paws help you pounce on unaware monsters.
You are incapable of wielding weapons or throwing items.
You cannot wear armour.
You gain extra lives every three experience levels.


Message History

An acid dragon comes into view.
k - a metallic blue potion
There are no items here.
Maggie the Vainglorious comes into view.
She is wielding a +1 glaive of flaming.
The acid dragon roars!
Press: ? - help, v - describe, . - travel A stone wall.
There is a stone staircase leading up here.
The acid dragon begins to attack, but is stunned by your conviction!
You scratch the acid dragon.
The acid dragon is moderately wounded.
The acid dragon spits acid at you. The splash of acid hits you! You resist.
Ouch! That really hurt!
You barely miss the acid dragon.
The acid dragon is moderately wounded.
The acid dragon bites you.
* * * LOW HITPOINT WARNING * * *
The acid dragon barely misses you.
There is a stone staircase leading up here.
You see here 17 sling bullets.
You redirect the acid dragon's attack!
A centaur warrior zombie comes into view.
The acid dragon spits acid at you. The splash of acid hits you! You resist.
* * * LOW HITPOINT WARNING * * *
You hear a shout!
As you read the scroll of teleportation, it crumbles to dust.
You feel strangely unstable.
As you read the scroll of fog, it crumbles to dust.
The scroll dissolves into smoke.
The acid dragon spits acid at you. The splash of acid misses you.
Your surroundings suddenly seem different. 2 wights come into view.
Found a ring mail and a leather armour.
The black bear growls angrily.
The water moccasin zombie bites you but does no damage.
The black bear bites you.
You die...

#...# #.#.##.# .# .#
#.<.# #.#.##.# #.##.#
#...####.#.##.# #...#.#
...........#.#.##[.....#
#######.....###........#
#..#.#.#..........
#..#.##..........#
#..... .##h.....# #.##.#
#.#@#... #. ..# .#.##.#
#.# .#Z# #.


.zz ..... ###.### #.# #.# ..[ You could see a black bear, 2 wights and a water
moccasin zombie.

Vanquished Creatures
  Eustachio (D:4)
  A necrophage (D:4)
  A hound (D:3)
  Terence (D:3)
  Natasha (D:3)
  An adder (D:5)
  4 gnolls
  A worm (D:2)
  2 dart slugs (D:1)
  6 orcs
  7 bats
  3 endoplasms
  4 giant cockroaches
  7 goblins
  8 hobgoblins
  3 jackals (D:1)
  6 quokkas
  6 ball pythons
  2 frilled lizards
  8 kobolds
  8 rats
81 creatures vanquished.

Vanquished Creatures (others)
  A hobgoblin (D:3)
  A rat (D:3)
2 creatures vanquished.

Grand Total: 83 creatures vanquished

Notes
Turn   | Place    | Note
-------+----------+-------------------------------------------
     0 | D:5      | croobank the Felid Delver began the quest for the Orb.
     0 | D:5      | Reached XP level 1. HP: 10/10 MP: 2/2
     6 | D:5      | Noticed Ijyb
    59 | D:6      | Noticed a black bear
    59 | D:6      | Noticed a water moccasin zombie
    74 | D:6      | Found Ituwnuog's Antique Armour Shop.
   209 | D:5      | Reached skill level 7 in Stealth
   209 | D:5      | Reached XP level 2. HP: 14/14 MP: 3/3
   210 | D:5      | Noticed Dowan
   220 | D:5      | Noticed Duvessa
   501 | D:4      | Noticed tvsian's ghost (novice HOFi)
   507 | D:4      | Found a runed translucent gate.
   507 | D:4      | Found a runed translucent gate.
   510 | D:4      | Found a runed translucent gate.
   516 | D:4      | Noticed a centaur
   921 | D:4      | Noticed a necrophage
   932 | D:4      | Found the +3 Elemental Staff {rElec rF++ rC++ AC+5}
  1205 | D:3      | Reached XP level 3. HP: 17/17 MP: 4/4
  1234 | D:3      | Found a faded altar of an unknown god.
  1250 | D:3      | Prayed at the altar of an unknown god.
  1250 | D:3      | Became a worshipper of Ru the Awakened
  1807 | D:1      | Gained mutation: You are slightly weak-willed. (Will-) [Ru
                  | sacrifice]
  1807 | D:1      | Reached * piety under Ru
  2479 | D:1      | Found Eheaneh's General Store.
  2498 | D:1      | Reached XP level 4. HP: 21/21 MP: 5/5
  2511 | D:1      | Bought a scroll of identify for 22 gold pieces
  2511 | D:1      | Bought a scroll of identify for 22 gold pieces
  3471 | D:2      | Found a shadowy altar of Dithmenos.
  3517 | D:3      | Reached skill level 8 in Stealth
  4187 | D:3      | Found a runed translucent gate.
  4188 | D:3      | Found a runed translucent gate.
  4189 | D:3      | Found a runed translucent gate.
  4202 | D:3      | Noticed KennySheep's ghost (amateur HOMo)
  4202 | D:3      | Noticed a scorpion
  4283 | D:3      | Noticed Natasha
  4283 | D:3      | Noticed Grinder
  4290 | D:3      | Paralysed by Grinder for 2 turns
  4291 | D:3      | Killed from afar by Natasha
  4292 | D:3      | Reached XP level 3. HP: -2/17 MP: 4/4
  4305 | D:3      | Gained mutation: You cannot study or use magical devices.
                  | [Ru sacrifice]
  4305 | D:3      | Reached ** piety under Ru
  4305 | D:3      | Reached *** piety under Ru
  4305 | D:3      | Reached **** piety under Ru
  4436 | D:3      | Reached XP level 4. HP: 13/21 MP: 5/5
  4497 | D:3      | Reached skill level 1 in Hexes
  4643 | D:3      | Noticed Terence
  4659 | D:3      | Killed Terence
  4847 | D:3      | Paralysed by Grinder for 4 turns
  4851 | D:3      | Killed Natasha
  4852 | D:3      | Reached skill level 1 in Summonings
  5435 | D:4      | Reached skill level 1 in Spellcasting
  5492 | D:4      | Killed a necrophage
  5493 | D:4      | Reached skill level 1 in Conjurations
  5493 | D:4      | Reached XP level 5. HP: 21/24 MP: 6/8
  5550 | D:4      | Noticed Eustachio
  5566 | D:4      | Killed Eustachio
  5567 | D:4      | Gained mutation: You are covered in thick fur. (AC +2)
                  | [Felid growth]
  5567 | D:4      | Reached XP level 6. HP: 28/28 MP: 8/10
  5588 | D:4      | Found a staircase to the Ecumenical Temple.
  6236 | D:6      | Noticed an acid dragon
  6240 | D:6      | Noticed Maggie
  6273 | D:6      | HP: 1/28 [acid dragon/splash of acid (7)]
  6284 | D:6      | Slain by a black bear

Illustrated notes

Levels and vault maps discovered:
D:1:      dpeg_arrival_chambers_temple_mockup, layout_loops_ring, serial_shops,
          shop_fountains
D:2:      mumra_celtic_spiral_tile, layout_basic, basic_altar
D:3:      layout_basic, hellmonk_ecumenical_altar_crossroads,
          gammafunk_ghost_split, uniq_terence, uniq_natasha, uniq_grinder
D:4:      layout_basic, temple_hall, gammafunk_ghost_split, uniq_eustachio
D:5:      layout_loops_corners, nicolae_stop_n_shop_2, uniq_ijyb, uniq_duvessa
D:6:      layout_loops_ring, serial_shops, shop, grunt_potential, uniq_maggie

Skill      XL: |  1  2  3  4  5 |
---------------+----------------+-----
Stealth        | 7 8 |  8.3
Dodging        | 3 |  3.3
Unarmed Combat | 3 |  3.2
Hexes          | 2 3 |  3.3
Summonings     | 1 2 |  2.2
Spellcasting   | 1 2 |  2.0
Conjurations   | 1 2 |  2.0
Fighting       | |  3.1

Action                   |  1- 3 |  4- 6 || total
-------------------------+-------+-------++-------
Melee: Unarmed           |   139 |   126 ||   265
       Bite              |    12 |     8 ||    20
       Punch             |       |     1 ||     1
Invok: Sacrifice Essence |     1 |       ||     1
       Sacrifice Artific |     1 |       ||     1
       Power Leap        |       |     1 ||     1
  Use: Scroll            |     2 |    10 ||    12
       Potion            |     2 |     5 ||     7
 Stab: Sleeping          |    21 |    13 ||    34
       Distracted        |     2 |       ||     2
       Invisible         |       |     3 ||     3
Armor: Skin              |     8 |     7 ||    15
Dodge: Dodged            |   104 |    78 ||   182

Table legend: (Time is in decaauts)
 A = Elapsed time spent in this place.
 B = Non-inter-level travel time spent in this place.
 C = Inter-level travel time spent in this place.
 D = Time resting spent in this place.
 E = Time spent auto-exploring this place.
 F = Levels seen in this place.
 G = Mean time per level.
                   A        B        C        D        E       F      G
               +--------+--------+--------+--------+--------+-----+--------+
         Total |   5609 |   5530 |     79 |   2058 |   2220 |   6 |  934.8 |
       Dungeon |   5609 |   5530 |     79 |   2058 |   2220 |   6 |  934.8 |
               +--------+--------+--------+--------+--------+-----+--------+

Top non-repeatable levels by time:
     D:2: 1575 daAuts
     D:3: 1449 daAuts
     D:4: 1219 daAuts
     D:1: 950 daAuts
     D:6: 301 daAuts
     D:5: 113 daAuts
